 Dungeon Crawl Stone Soup version 0.23-a0-183-gf37f6fb (webtiles) character file.

100 galech the Covered (level 4, 0/35 HPs)
             Began as a Demonspawn Fighter on Sept 21, 2018.
             Succumbed to a worker ant's poison
             ... on level 2 of the Dungeon.
             The game lasted 00:02:41 (1754 turns).

galech the Covered (Demonspawn Fighter)             Turns: 1754, Time: 00:02:42

Health: 0/35       AC:  5    Str: 12 (15) XL:     4   Next: 47%
Magic:  4/4        EV: 14    Int: 14 (15) God:
Gold:   141        SH:  8    Dex: 15 (18) Spells: 3/3 levels left

rFire    + + .     SeeInvis .   a - +0 war axe
rCold    + . .     Gourm    .   c - +0 shield
rNeg     . . .     Faith    .   e - +2 robe {MR+}
rPois    +         Spirit   +   (no helmet)
rElec    +         Reflect  .   (no cloak)
rCorr    +         Harm     .   (no gloves)
MR       +....                  h - +0 pair of boots
Stlth    +++.......             (no amulet)
HPRegen  0.00/turn              o - -3 ring of strength (curse)
MPRegen  0.18/turn              (no ring)

@: brilliant, agile, lethally poisoned (0 -> -11), resistant, flying, hasted,
very quick
A: fire resistance 1, inhibited regeneration, strong 1, magic shield, magic
regeneration
a: no special abilities


You were on level 2 of the Dungeon.
You were not hungry.

You visited 1 branch of the dungeon, and saw 2 of its levels.

You collected 141 gold pieces.

Inventory:

Hand Weapons
 a - a +0 war axe (weapon)
Armour
 b - a +0 scale mail
 c - a +0 shield (worn)
 e - a +2 robe of magic resistance (worn)
 h - a +0 pair of boots (worn)
 p - a +0 plate armour
Jewellery
 o - a cursed -3 ring of strength (left hand)
Scrolls
 n - a scroll of teleportation
 r - a scroll of random uselessness {unknown}
Potions
 d - a potion of might
 j - a potion of agility
Comestibles
 f - 5 rations
 m - 6 chunks of flesh


   Skills:
 + Level 3.2 Fighting
 + Level 2.6 Axes
 + Level 3.4 Armour
 + Level 0.6 Dodging
 + Level 1.0 Stealth
 + Level 3.2 Shields


You had 3 spell levels left.
You didn't know any spells.
Your spell library was empty.

Dungeon Overview and Level Annotations

Branches:
Dungeon (2/15)

Altars:


Innate Abilities, Weirdness & Mutations

When hurt, damage is shared between your health and your magic reserves.
You regenerate magic rapidly.
Your flesh is heat resistant. (rF+)
You do not regenerate when monsters are visible.
Your muscles are strong. (Str +2)


Message History

Your regeneration stops near monsters.
You feel resistant to heat.
You feel stronger. The worker ant misses you.
It was a potion of degeneration.
There was something very wrong with that liquid.
You feel weakened.
You feel dopey.
You feel clumsy.
* * * LOW HITPOINT WARNING * * *
You feel sick.
The worker ant bites you but does no damage.
* * * LOW HITPOINT WARNING * * *
You feel sick.
* * * LOW HITPOINT WARNING * * *
You feel sick.
* * * LOW HITPOINT WARNING * * *
You feel sick.
* * * LOW HITPOINT WARNING * * *
You feel sick.
* * * LOW HITPOINT WARNING * * *
You feel sick.
You die...

#.########
#.# #####.#
#.....#
#.##### #.#
#.# #.#
#@#########
#....a....#
#########.#
#.# #.# #.#
#.# #.# #.#


You could see a worker ant.

Vanquished Creatures
  Jessica (D:2)
  An adder (D:2)
  An ooze (D:2)
  2 worms (D:2)
  A dart slug (D:2)
  2 leopard geckos (D:1)
  11 bats
  A giant cockroach (D:2)
  2 goblins (D:2)
  6 hobgoblins
  7 jackals
  7 kobolds
  A quokka (D:2)
  A ball python (D:1)
  A frilled lizard (D:1)
  3 rats
48 creatures vanquished.

Notes
Turn   | Place    | Note
-------+----------+-------------------------------------------
     0 | D:1      | galech the Demonspawn Fighter began the quest for the Orb.
     0 | D:1      | Reached XP level 1. HP: 18/18 MP: 1/1
   133 | D:1      | Gained mutation: When hurt, damage is shared between your
                  | health and your magic reserves. [demonic ancestry]
   133 | D:1      | Reached XP level 2. HP: 18/24 MP: 2/2
   346 | D:1      | Gained mutation: You regenerate magic rapidly. [demonic
                  | ancestry]
   346 | D:1      | Reached XP level 3. HP: 22/29 MP: 3/3
  1032 | D:2      | Noticed Jessica
  1056 | D:2      | Killed Jessica
  1056 | D:2      | Reached XP level 4. HP: 6/35 MP: 1/4
  1416 | D:2      | Reached skill level 1 in Stealth
  1744 | D:2      | Gained mutation: You do not regenerate when monsters are
                  | visible. [potion of mutation]
  1744 | D:2      | Gained mutation: Your flesh is heat resistant. (rF+)
                  | [potion of mutation]
  1744 | D:2      | Gained mutation: Your muscles are strong. (Str +2) [potion
                  | of mutation]
  1752 | D:2      | HP: 1/35 [poisoned by a worker ant]
  1754 | D:2      | Succumbed to a worker ant's poison

Vault maps used:
D:1:      dpeg_arrival_three_same_balls
D:2:      uniq_jessica

Skill      XL: |  1  2  3  4 |
---------------+-------------+-----
Axes           | 2 |  2.6
Armour         | 3 |  3.4
Shields        | 3 |  3.2
Stealth        | 1 |  1.0
Fighting       | |  3.2
Dodging        | |  0.6

Action                   |  1- 3 |  4- 6 || total
-------------------------+-------+-------++-------
Melee: War axe           |   115 |    45 ||   160
  Use: Scroll            |     2 |       ||     2
       Potion            |       |     7 ||     7
 Stab: Sleeping          |       |     2 ||     2
  Eat: Chunk             |     1 |     2 ||     3
Armor: Scale mail        |    65 |       ||    65
       Plate armour      |    12 |       ||    12
       Robe              |       |    11 ||    11
Dodge: Dodged            |    37 |    16 ||    53
Block: Shield            |    70 |    26 ||    96

Table legend:
 A = Non-vault XP
 B = Vault XP
 C = Vault XP percentage of total XP
 D = Non-vault monster count
 E = Vault monster count
 F = Vault count percentage of total count
                 A         B        C        D         E       F
            +---------+---------+-------+---------+---------+-------
      Total |     107 |      37 |  25.7 |      47 |       1 |   2.1
            +---------+---------+-------+---------+---------+-------
        D:1 |      49 |       0 |   0.0 |      29 |       0 |   0.0
        D:2 |      58 |      37 |  38.9 |      18 |       1 |   5.3
            +---------+---------+-------+---------+---------+-------
